 Dungeon Crawl Stone Soup version 0.20.1-1-g8b1a95d (webtiles) character file.

4090 equalderp2856 the Cleaver (level 10, -5/86 HPs)
             Began as a Minotaur Fighter on July 25, 2017.
             Slain by a killer bee (8 damage)
             ... on level 8 of the Dungeon.
             The game lasted 00:36:41 (11580 turns).

equalderp2856 the Cleaver (Minotaur Fighter)       Turns: 11580, Time: 00:36:43

Health: -5/86      AC:  9    Str: 21    XL:     10   Next: 5%
Magic:  12/12      EV: 10    Int:  6    God:
Gold:   497        SH: 11    Dex: 12    Spells: 13/13 levels left

rFire    . . .     SeeInvis .   a - +0 war axe
rCold    . . .     Gourm    .   c - +0 shield
rNeg     . . .     Faith    .   b - +0 scale mail
rPois    .         Spirit   .   (helmet restricted)
rElec    .         Reflect  .   (no cloak)
rCorr    .         Harm     .   (no gloves)
MR       .....                  g - +0 pair of boots
Stlth    ..........             (no amulet)
Regen    0.3/turn               (no ring)
MPRegen  0.2/turn               (no ring)

@: no status effects
A: retaliatory headbutt, horns 2
a: no special abilities


You were on level 8 of the Dungeon.
You were near starving.

You visited 2 branches of the dungeon, and saw 9 of its levels.
You also visited: Sewer.

You collected 623 gold pieces.
You spent 126 gold pieces at shops.

Inventory:

Hand Weapons
 a - a +0 war axe (weapon)
 d - a +2 flail of protection
 e - a +0 rapier
 m - the +8 mace of Iconoclasm {holy, rC++, unknown}
   (You found it on level 7 of the Dungeon)

   It has been blessed by the Shining One to cause great damage to the undead
   and demons.
   It greatly protects you from cold.
 r - a +0 battleaxe
 y - a +4 trident
 P - a +0 mace of protection
 Y - a +0 spear of flaming
Missiles
 u - 42 sling bullets
 w - 46 arrows
 z - 30 poisoned needles
 L - 2 tomahawks (quivered)
 N - 48 stones
Armour
 b - a +0 scale mail (worn)
 c - a +0 shield (worn)
 g - a +0 pair of boots (worn)
 k - a +0 chain mail
 E - a +0 plate armour
 G - a +0 robe
 H - a +0 cloak
 J - a +2 cloak of magic resistance
 K - a cursed +0 robe
 O - a +0 robe
 R - a +0 robe
Jewellery
 n - a cursed ring of loudness {unknown}
 t - an uncursed ring of ice {unknown}
 M - an uncursed ring of wizardry {unknown}
Wands
 l - a wand of polymorph (9/24)
 B - a wand of confusion (28/48)
 Q - a wand of flame (20/48)
Scrolls
 i - 7 scrolls of teleportation
 p - 6 scrolls of identify
 x - 3 scrolls of remove curse
 D - a scroll of fog {unknown}
 S - a scroll of enchant weapon {unknown}
 T - a scroll of immolation {unknown}
 U - a scroll of recharging {unknown}
Potions
 j - a potion of brilliance
 o - a potion of agility {unknown}
 q - 4 potions of curing
 v - 6 potions of flight
 A - 3 potions of lignification
 F - a potion of magic {unknown}
 I - a potion of cancellation
Comestibles
 f - 10 bread rations
 h - 7 fruits
 s - 3 meat rations
 C - 3 royal jellies


   Skills:
 + Level 7.2 Fighting
 + Level 10.5 Axes
 + Level 8.3 Armour
 + Level 4.0 Dodging
 + Level 0.5 Stealth
 + Level 8.4 Shields
 * Level 2.3 Spellcasting


You had 13 spell levels left.
You didn't know any spells.

Dungeon Overview and Level Annotations

Branches:
Dungeon (8/15)             Temple (1/1) D:4
   Lair: D:8-11

Altars:
Ashenzari
Cheibriados
Dithmenos
Elyvilon
Fedhas
Gozag
Hepliaklqana
Kikubaaqudgha
Makhleb
Nemelex Xobeh
Okawaru
Qazlal
Ru
Sif Muna
Trog
Uskayaw
Vehumet
Xom
Yredelemnul
Zin
The Shining One

Shops:
D:5 !


Innate Abilities, Weirdness & Mutations

You reflexively headbutt those who attack you in melee.
You have a pair of horns on your head.


Message History

* * * LOW HITPOINT WARNING * * *
You are more poisoned.
The killer bee poisons you! The killer bee barely misses you.
You furiously retaliate!
You headbutt the killer bee.
You feel sick.
The killer bee stings you but does no damage.
Something hits you.
* * * LOW HITPOINT WARNING * * *
The killer bee stings you!
* * * LOW HITPOINT WARNING * * *
You are lethally poisoned!
The killer bee poisons you!
There is a stone staircase leading up here.
You feel better. The killer bee stings you.
* * * LOW HITPOINT WARNING * * *
The killer bee stings you but does no damage.
Something hits you.
* * * LOW HITPOINT WARNING * * *
You block the killer bee's attack. The killer bee stings you!
You die...

#.#...#.# #.#######
#.#.....# #^......#
#.#...### #.#####.#
#####.##### #.#####.#
#.....# ####### #....##.#
#.##### #.....# #.##.##.#
#.#######.....# #.......#
#.............# ####.####
#.........@...# #.#
##......>.yy..# ##.#
#........Z.#.## #..#
##.......s.....# #.##
#.........)))#.# #.#
#######........##.##.####.#
........##.#...##o........#
.....##....#..o#...#.######
....###..#####...#.#.#


You could see a scorpion, 2 killer bees, an orc priest, an orc and a hound
zombie.

Vanquished Creatures
  The ghost of Oddysee the Sneak, an amateur OpAs (D:4)
  A hippogriff (D:8)
  Sigmund (D:5)
  Eustachio (D:5)
  Menkaure (D:5)
  Edmund (D:4)
  Duvessa (D:7)
  An orc warrior (D:6)
  A phantom (D:4)
  An ice beast (D:5)
  2 ogres
  A gnoll sergeant (D:3)
  2 big kobolds (D:8)
  Blork the orc (D:4)
  3 bullfrogs
  2 scorpions
  Dowan (D:7)
  4 killer bees (D:8)
  4 wights (D:7)
  A howler monkey (D:4)
  5 crimson imps
  A jelly (D:5)
  5 hounds
  Crazy Yiuf (D:3)
  2 bullfrog skeletons
  A centaur skeleton (D:4)
  2 gnoll shamans (D:3)
  2 orc priests (D:7)
  4 orc wizards
  An iguana (D:8)
  8 worker ants
  A merfolk siren (Sewer)
  A merfolk avatar (Sewer)
  2 hound zombies
  A worker ant zombie (D:8)
  42 gnolls
  9 adders
  2 river rats
  An ooze (D:2)
  An adder skeleton (D:4)
  2 worms
  A dart slug (D:2)
  5 leopard geckos
  30 orcs
  9 ball pythons
  8 giant cockroaches
  4 goblins
  6 hobgoblins
  31 jackals
  14 kobolds
  2 quokkas (D:8)
  3 bats
  10 frilled lizards
  A leopard gecko skeleton (D:5)
  38 rats
287 creatures vanquished.

Vanquished Creatures (others)
  A hobgoblin (D:2)
1 creature vanquished.

Grand Total: 288 creatures vanquished

Notes
Turn   | Place    | Note
-------+----------+-------------------------------------------
     0 | D:1      | equalderp2856 the Minotaur Fighter began the quest for the Orb.
     0 | D:1      | Reached XP level 1. HP: 19/19 MP: 0/0
   218 | D:1      | Reached XP level 2. HP: 26/27 MP: 1/1
   955 | D:2      | Reached XP level 3. HP: 24/33 MP: 2/2
  1480 | D:2      | Reached skill level 3 in Axes
  1480 | D:2      | Reached XP level 4. HP: 37/40 MP: 3/3
  2378 | D:3      | Found a runed door.
  2615 | D:3      | Reached XP level 5. HP: 40/46 MP: 4/4
  2724 | D:3      | Reached skill level 5 in Armour
  2726 | D:3      | Reached skill level 4 in Axes
  3113 | D:3      | Reached skill level 5 in Shields
  3128 | D:3      | Reached XP level 6. HP: 52/53 MP: 5/5
  3424 | D:2      | Reached skill level 5 in Axes
  3523 | D:3      | Reached skill level 1 in Dodging
  3917 | D:3      | Reached XP level 7. HP: 60/60 MP: 6/6
  4195 | D:3      | Reached skill level 6 in Axes
  4474 | D:3      | Noticed Crazy Yiuf
  4480 | D:3      | Killed Crazy Yiuf
  4733 | D:4      | Found a staircase to the Ecumenical Temple.
  5001 | D:4      | Reached skill level 5 in Fighting
  5001 | D:4      | Reached XP level 8. HP: 33/68 MP: 7/7
  5133 | D:4      | Reached skill level 7 in Axes
  5326 | D:4      | Noticed Edmund
  5332 | D:4      | Noticed Oddysee's ghost (amateur OpAs)
  5339 | D:4      | Killed Edmund
  5351 | D:4      | Killed Oddysee's ghost
  5372 | D:4      | Reached skill level 8 in Axes
  5742 | D:4      | Noticed Blork the orc
  5754 | D:4      | Killed Blork the orc
  5845 | D:5      | Entered Level 5 of the Dungeon
  5915 | D:5      | Noticed Menkaure
  6037 | D:5      | Found Vigyihodda's Distillery.
  6170 | D:5      | Killed Menkaure
  6170 | D:5      | Reached skill level 9 in Axes
  6200 | D:5      | Noticed Sigmund
  6206 | D:5      | Killed Sigmund
  6206 | D:5      | Reached XP level 9. HP: 42/75 MP: 8/8
  6236 | D:5      | Found a glowing drain.
  6260 | Sewer    | Entered a sewer
  7697 | D:5      | Bought a potion of degeneration for 14 gold pieces
  7705 | D:5      | Bought a potion of mutation for 112 gold pieces
  8001 | Temple   | Entered the Ecumenical Temple
  8306 | D:6      | Noticed Dowan
  8306 | D:6      | Noticed Eustachio
  8308 | D:6      | Noticed Duvessa
  8392 | D:5      | Killed Eustachio
  8846 | D:6      | Reached skill level 1 in Spellcasting
  9172 | D:7      | Got a polished mace
  9751 | D:7      | Reached skill level 10 in Axes
 10206 | D:7      | Killed Dowan
 10208 | D:7      | Killed Duvessa
 11499 | D:8      | Reached XP level 10. HP: 86/86 MP: 12/12
 11580 | D:8      | HP: 3/86 [something (3)]
 11580 | D:8      | Slain by a killer bee

Skill      XL: |  1  2  3  4  5  6  7  8  9 10 |
---------------+-------------------------------+-----
Shields        | 4 5 6 7 8 |  8.4
Armour         | 4 5 6 7 8 |  8.3
Fighting       | 4 5 7 |  7.2
Axes           | 3 4 5 6 9 10 | 10.5
Dodging        | 1 2 3 4 |  4.0
Spellcasting   | 2 |  2.3
Stealth        | |  0.5

Action                   |  1- 3 |  4- 6 |  7- 9 | 10-12 || total
-------------------------+-------+-------+-------+-------++-------
Melee: War axe           |    65 |   192 |   493 |    14 ||   764
       Headbutt          |    14 |    32 |    82 |     3 ||   131
  Use: Potion            |       |       |     7 |     2 ||     9
       Scroll            |       |       |     2 |       ||     2
  Eat: Chunk             |     1 |     9 |    19 |       ||    29
       Fruit             |       |       |     5 |       ||     5
Armor: Scale mail        |    31 |    91 |   194 |    15 ||   331
Dodge: Dodged            |    14 |    85 |   211 |    19 ||   329
Block: Shield            |    36 |   148 |   277 |    32 ||   493
